 Dungeon Crawl Stone Soup version 0.31-a0-252-gc4385922b5 (webtiles) character file.

Game seed: 9690701755038245549

113 qw the Shooter (level 4, -1/36 HPs)
             Began as a Minotaur Hexslinger on July 12, 2023.
             Killed from afar by an orc wizard (7 damage)
             ... with a magic dart
             ... on level 3 of the Dungeon.
             The game lasted 00:00:56 (2221 turns).

qw the Shooter (Minotaur Hexslinger)                Turns: 2221, Time: 00:00:56

Health: -1/36      AC:  5    Str: 13    XL:     4   Next: 65%
Magic:  4/4        EV: 11    Int: 10    God:
Gold:   116        SH:  0    Dex: 14    Spells: 4/5 levels left

rFire   . . .        Y - +1 sling
rCold   . . .        (no shield)
rNeg    . . .        b - +0 ring mail
rPois   .            (helmet restricted)
rElec   .            (no cloak)
rCorr   .            (no gloves)
SInv    .            (no boots)
Will    .....        (no amulet)
Stlth   +            (no ring)
HPRegen 0.26/turn    (no ring)
MPRegen 0.09/turn

%: no passive effects
@: no status effects
A: horns 2, retaliatory headbutt
a: no special abilities


You were on level 3 of the Dungeon.
You visited 1 branch of the dungeon, and saw 3 of its levels.

You collected 116 gold pieces.


Innate Abilities, Weirdness & Mutations

You have a pair of horns on your head.
You reflexively headbutt those who attack you in melee.


   Skills:
 + Level 2.1 Fighting
 - Level 5.0 Ranged Weapons
 - Level 1.0 Armour
 - Level 2.1 Dodging
 - Level 1.0 Spellcasting
 - Level 2.0 Hexes


You had 4 spell levels left.
You knew the following spells:

 Your Spells              Type           Power      Damage    Failure   Level
a - Slow                  Hex            16%        N/A       32%         1

Your spell library contained the following spells:

 Spells                   Type           Power      Damage    Failure   Level
 Inner Flame              Hex/Fire       2%         N/A       82%         3
 Portal Projectile        Hex/Tloc       4%         N/A       82%         3
 Cause Fear               Hex            2%         N/A       97%         4

Inventory:

Hand Weapons
 Y - a +1 sling (weapon)
Armour
 b - a +0 ring mail (worn)
Scrolls
 c - a scroll of identify
Potions
 a - a potion of curing
 h - a potion of might

Dungeon Overview and Level Annotations

Branches:
Dungeon (3/15)

Altars:

Shops:
D:1 *


Message History

The orc priest looks encouraged for a moment.
Your Ranged Weapons skill increases to level 5!
You shoot a sling bullet.
The sling bullet closely misses the orc wizard.
The sling bullet barely misses the orc.
The sling bullet hits the orc priest but does no damage.
The orc wizard hits you but does no damage. x2
An endoplasm comes into view.
You shoot a sling bullet. The sling bullet hits the orc wizard!
The orc wizard is heavily wounded.
The orc wizard hits you but does no damage.
You shoot a sling bullet.
The sling bullet closely misses the orc wizard.
The sling bullet hits the orc.
You kill the orc!
The orc wizard hits you with a +0 dagger.
You shoot a sling bullet. The sling bullet hits the orc wizard.
The orc wizard is heavily wounded.
The orc wizard hits you with a +0 dagger.
You shoot a sling bullet. The sling bullet hits the orc wizard.
The orc wizard is severely wounded.
The orc wizard closely misses you.
You shoot a sling bullet.
The sling bullet barely misses the orc wizard.
The sling bullet hits the orc priest but does no damage.
The orc priest invokes the aid of Beogh against you.
Beogh smites you!
The orc wizard hits you with a +0 dagger.
The orc wizard barely misses you. You furiously retaliate!
You headbutt the orc wizard. You shoot a sling bullet.
The sling bullet hits the orc wizard.
The orc wizard is almost dead.
The orc wizard hits you with a +0 dagger.
You shoot a sling bullet.
The sling bullet closely misses the orc wizard.
The sling bullet hits the orc priest.
The orc priest is moderately wounded.
The orc wizard casts a spell at you. The magic dart hits you!
You die...

#...<...%..#
########.#.#....
...........#..#####
.#.....#####..#...#
#......# #..#...#
#......# #..#>.##
#......# #.....#
..#+###.####.###)#
#+ #......# #@#
######## #o#


#oo #oJ. #.... #..... #...... #....... You could see 2 orc priests, an orc
wizard, an orc and an endoplasm.

Vanquished Creatures
  Robin (D:3)
  2 adders (D:2)
  2 worms (D:2)
  2 dart slugs
  3 orcs (D:3)
  8 ball pythons
  4 bats (D:2)
  4 endoplasms
  2 giant cockroaches (D:2)
  7 hobgoblins
  2 jackals (D:2)
  2 kobolds (D:1)
  4 quokkas
  A frilled lizard (D:1)
  15 goblins
  5 rats
64 creatures vanquished.

Notes
Turn   | Place    | Note
-------+----------+-------------------------------------------
     0 | D:1      | qw the Minotaur Hexslinger began the quest for the Orb.
     0 | D:1      | Reached XP level 1. HP: 16/16 MP: 1/1
     0 | D:1      | 0 ||| qw: Version: 0.3-a-52-g30416fa
     0 | D:1      | 0 ||| qw: Game counter: 6623
     0 | D:1      | 0 ||| qw: Melee chars always use a shield: true
     0 | D:1      | 0 ||| qw: God list: Okawaru
     0 | D:1      | 0 ||| qw: Allow faded altars: false
     0 | D:1      | 0 ||| qw: Do Orc after clearing Dungeon:15 true
     0 | D:1      | 0 ||| qw: Do second Lair branch before Depths: true
     0 | D:1      | 0 ||| qw: Lair rune preference: random
     0 | D:1      | 0 ||| qw: Goals: Normal
     0 | D:1      | 0 ||| PLANNING D:1-11
   151 | D:1      | Found Toogryuf's Assorted Antiques.
   156 | D:1      | 156 ||| SHOPLISTING dented amethyst amulet (150 gold, have
                  | 13).
   156 | D:1      | 156 ||| SHOPLISTING dented golden amulet (150 gold, have
                  | 13).
   156 | D:1      | 156 ||| SHOPLISTING emerald potion (27 gold, have 13).
   156 | D:1      | 156 ||| SHOPLISTING gilded ring (150 gold, have 13).
   156 | D:1      | 156 ||| SHOPLISTING glowing amethyst potion (27 gold, have
                  | 13).
   294 | D:1      | Reached skill level 3 in Ranged Weapons
   294 | D:1      | Reached XP level 2. HP: 15/23 MP: 2/2
   489 | D:1      | 489 ||| FLEEEEING.
   490 | D:1      | 490 ||| FLEEEEING.
   904 | D:1      | 904 ||| UPGRADING to +0 leather armour.
   914 | D:1      | 914 ||| DROPPING +0 robe.
   915 | D:1      | 915 ||| READING scroll labelled CONEUGA OWECWYUM.
   916 | D:1      | 916 ||| READING scroll labelled FIEMMIE AKHLI.
   917 | D:1      | 917 ||| DROPPING scroll of poison.
  1026 | D:2      | 1026 ||| UPGRADING to +0 ring mail.
  1036 | D:2      | 1036 ||| DROPPING +0 leather armour.
  1186 | D:2      | Reached XP level 3. HP: 29/29 MP: 3/3
  1704 | D:2      | Reached skill level 4 in Ranged Weapons
  1825 | D:2      | Reached skill level 1 in Armour
  1880 | D:2      | Reached XP level 4. HP: 26/36 MP: 4/4
  2123 | D:2      | 2123 ||| READING scroll labelled OFUBEM BAITASK.
  2124 | D:2      | 2124 ||| READING scroll labelled AXAUHA BOREI.
  2125 | D:2      | 2125 ||| DRINKING 2 silvery potions.
  2126 | D:2      | 2126 ||| READING 4 scrolls of identify.
  2126 | D:2      | 2126 ||| IDENTIFYING fizzy dark potion
  2127 | D:2      | 2127 ||| READING 3 scrolls of identify.
  2127 | D:2      | 2127 ||| IDENTIFYING smoky cyan potion
  2128 | D:2      | 2128 ||| READING 2 scrolls of identify.
  2128 | D:2      | 2128 ||| IDENTIFYING golden potion
  2129 | D:2      | 2129 ||| DROPPING potion of brilliance.
  2130 | D:2      | 2130 ||| DROPPING potion of magic.
  2185 | D:3      | Noticed Robin
  2213 | D:3      | Killed Robin
  2214 | D:3      | Reached skill level 5 in Ranged Weapons
  2219 | D:3      | HP: 9/36 [orc wizard/+0 dagger (1)]
  2221 | D:3      | Killed from afar by an orc wizard

Levels and vault maps discovered:
D:1:      dpeg_arrival_arbitrary_c, layout_basic, serial_shops, shop,
          minmay_liquid_box
D:2:      minmay_razor_zed, layout_rooms, serial_co_window_serial,
          co_window_of_opportunity_a, co_window_paths_a, co_window_paths_a,
          co_window_of_opportunity_a, co_window_corner_a,
          co_window_of_opportunity_a, co_window_paths_a, co_window_paths_a,
          co_window_corner_a, co_window_unsneaky_path_c, co_window_broadway_a,
          co_window_corner_b, co_window_cross_3, glass_columns_a,
          glass_columns_c, glass_columns_b, glass_columns_b,
          minmay_misc_feat_columns, minmay_distorted
D:3:      layout_basic, shapermc_ecumenical_altar_hornbeckon,
          gammafunk_ghost_nasty_kobolds, kennysheep_another_room,
          kennysheep_orc_chapel, uniq_robin

Skill      XL: |  1  2  3  4 |
---------------+-------------+-----
Ranged Weapons | 3 4 5 |  5.0
Fighting       | 2 |  2.1
Armour         | 1 |  1.0
Dodging        | |  2.1
Spellcasting   | |  1.0
Hexes          | |  2.0

Action                     |  1- 3 |  4- 6 || total
---------------------------+-------+-------++-------
   Fire: Sling             |   146 |    46 ||   192
    Use: Scroll            |     2 |     5 ||     7
         Potion            |       |     1 ||     1
 Armour: Robe              |     3 |       ||     3
         Ring mail         |    21 |    14 ||    35
  Dodge: Dodged            |    58 |    27 ||    85

Table legend:
 A = Non-vault XP
 B = Vault XP
 C = Vault XP percentage of total XP
 D = Non-vault monster count
 E = Vault monster count
 F = Vault count percentage of total count
                 A         B        C        D         E       F
            +---------+---------+-------+---------+---------+-------
      Total |      77 |      85 |  52.5 |      39 |      25 |  39.1
            +---------+---------+-------+---------+---------+-------
        D:1 |      37 |       0 |   0.0 |      21 |       0 |   0.0
        D:2 |      23 |      49 |  68.1 |      11 |      14 |  56.0
        D:3 |      17 |      36 |  67.9 |       7 |      11 |  61.1
            +---------+---------+-------+---------+---------+-------
